 Dungeon Crawl Stone Soup version 0.19-a0-593-gf2cdb02 (webtiles) character file.

87231 Aksej the Basher (level 15, -5/134 HPs)
             Began as a Demonspawn Gladiator on June 10, 2016.
             Was the Champion of Hepliaklqana.
             Killed from afar by a merfolk aquamancer (20 damage)
             ... with a great wave of water
             ... on level 1 of the Shoals.
             The game lasted 00:59:10 (19204 turns).

Aksej the Basher (Demonspawn Gladiator)            Turns: 19204, Time: 00:59:10

Health: -5/134     AC: 22    Str: 18    XL:     15   Next: 43%
Magic:  13/13      EV: 21    Int:  5    God:    Hepliaklqana [******]
Gold:   645        SH:  0    Dex: 17    Spells: 2 memorised, 11 levels left

rFire  + . .     SeeInvis +     a - +9 flail "Luchal" {drain, +Blink rPois Int-3}
rCold  x . .     Gourm    .     I - +1 robe of Thoughtfulness {rElec MR+++ Int-2 SInv}
rNeg   + + .     Faith    .     (no shield)
rPois  +         Spirit   .     U - +1 hat {MR+}
rElec  +         Dismiss  .     l - +2 cloak
rCorr  .         Reflect  .     n - +2 pair of gloves
SustAt .         Harm     .     j - +1 pair of boots
MR     +++++     Rnd*Rage +     x - amulet of regeneration
Stlth  +++.......               B - ring of protection from magic
                                v - ring "Atebra" {Fire rN++ Dex+3 SInv}

@: lethally poisoned (-5 -> -8), very slightly contaminated, hasted, drained,
very quick, almost entirely resistant to hostile enchantments, fairly stealthy
A: antennae 2, claws 1, rough black scales 3, berserk 1, foul stench 2, low mp
1, mutation resistance 1, powered by pain 2, robust 1, slow regeneration 1, rot
immunity, MP-powered wands
a: Recall Ancestor, Ancestor Identity, Transference, Idealise, Renounce
Religion, Evoke Blink


You were on level 1 of the Shoals.
You worshipped Hepliaklqana.
Hepliaklqana was exalted by your worship.
You were not hungry.

You visited 3 branches of the dungeon, and saw 22 of its levels.
You visited 1 bazaar.
You also visited: Ice Cave.

You collected 1615 gold pieces.
You spent 970 gold pieces at shops.

Inventory:

Hand Weapons
 a - the +9 flail "Luchal" (weapon) {drain, +Blink rPois Int-3}
   (You found it on level 9 of the Dungeon)

   A truly terrible weapon, it drains the life of those it strikes.
   It affects your intelligence (-3).
   It protects you from poison.
   It lets you blink.
 b - a +2 longbow of flaming
Missiles
 d - 4 throwing nets (quivered)
 r - 11 tomahawks
 z - 5 tomahawks of returning
 F - 410 arrows
Armour
 j - a +1 pair of boots (worn)
 l - a +2 cloak (worn)
 n - a +2 pair of gloves (worn)
 I - the +1 robe of Thoughtfulness (worn) {rElec MR+++ Int-2 SInv}
   (You bought it in a shop on level 8 of the Dungeon)

   It affects your intelligence (-2).
   It insulates you from electricity.
   It affects your resistance to hostile enchantments.
   It lets you see invisible.
 U - a +1 hat of magic resistance (worn)
Jewellery
 v - the ring "Atebra" (left hand) {Fire rN++ Dex+3 SInv}
   (You found it on level 6 of the Lair of Beasts)

   [ring of fire]

   It enhances your fire magic, and weakens your ice magic.
   It affects your dexterity (+3).
   It protects you from fire.
   It makes you vulnerable to cold.
   It greatly protects you from negative energy.
   It lets you see invisible.
 x - an amulet of regeneration (around neck)
 B - a ring of protection from magic (right hand)
Wands
 e - a wand of confusion (20/48)
 D - a wand of acid (12/15)
 H - a wand of heal wounds (6/9)
 J - a wand of lightning (5/15)
 Z - a wand of paralysis (3/24)
Scrolls
 g - 7 scrolls of teleportation
 k - 2 scrolls of enchant weapon
 t - 9 scrolls of blinking
 y - 3 scrolls of recharging
 N - 5 scrolls of remove curse
 T - 3 scrolls of identify
 W - a scroll of fog
Potions
 c - 2 potions of resistance
 h - 3 potions of cancellation
 p - 5 potions of lignification
 w - 3 potions of ambrosia
 E - 13 potions of curing
 K - 2 potions of might
 P - a potion of haste
 Q - 2 potions of flight
 V - 2 potions of agility
Books
 u - a book of Spatial Translocations

   Spells                             Type                      Level
   a - Apportation                    Translocation                1
   b - Blink                          Translocation                2
   c - Shroud of Golubria             Charms/Translocation         2
   d - Portal Projectile              Translocation                3
   e - Teleport Other                 Translocation                3
   f - Passage of Golubria            Translocation                4
Comestibles
 f - 17 bread rations
 i - 6 royal jellies
 m - 8 beef jerkies
 o - 8 meat rations
 q - 37 fruits
 L - 2 slices of pizza


   Skills:
 + Level 12.8(12.5) Fighting
   Level 10.4(12.7) Axes
 * Level 13.0(13.9) Maces & Flails
 + Level 9.8(9.5) Bows
 - Level 1.7(1.5) Throwing
 + Level 11.8(11.5) Dodging
 + Level 5.7(5.5) Stealth


You had 11 spell levels left.
You knew the following spells:

 Your Spells              Type           Power        Failure   Level  Hunger
a - Apportation           Tloc           #.........   56%         1    ##.....
b - Blink                 Tloc           N/A          80%         2    ###....


Dungeon Overview and Level Annotations

Branches:
Dungeon (15/15)            Temple (0/1) D:7            Lair (6/6) D:8
 Shoals (1/4) Lair:3        Snake (0/4) Lair:2        Slime (0/5) Lair:6
    Orc (0/2) D:11         Vaults (0/5) D:13         Depths (0/5) D:15

Altars:
Ashenzari
Cheibriados
Elyvilon
Fedhas
Hepliaklqana
Kikubaaqudgha
Makhleb
Okawaru
Ru
Sif Muna
Trog
Vehumet
Yredelemnul
Zin
The Shining One

Shops:
D:4 (   D:5 %   D:8 [   D:9 (   D:11 (   D:12 !   D:14 *   D:15 *


Innate Abilities, Weirdness & Mutations

You have a pair of antennae on your head.
You are completely covered in rough black scales. (AC +10, Dex -3)
You frequently emit foul miasma when damaged in melee.
You sometimes gain power by taking damage.
You are immune to rotting.
You have sharp fingernails.
You tend to lose your temper in combat.
Your magical capacity is low. (-10% MP)
You are somewhat resistant to further mutation.
You are robust. (+10% HP)
You regenerate slowly when monsters are visible.
You expend magic power (3 MP) to strengthen your wands.


Message History

You feel sick.
You enter the shallow water.
Moving in this stuff is going to be slow.
You feel sick.
The merfolk aquamancer casts a spell at you.
The shard of ice misses you.
You feel sick.
The water elemental completely misses you.
The merfolk aquamancer casts a spell at you.
The great wave of water hits you!
* * * LOW HITPOINT WARNING * * *
You are knocked back by the great wave of water.
Splash!
The wave splashes down.
You hear an angry hiss. x2
You feel sick.
The merfolk aquamancer points at you and mumbles some strange words.
The great wave of water passes through the water elemental.
The great wave of water hits you!
You die...

≈≈≈≈≈≈≈≈≈≈≈≈≈≈≈≈≈≈≈≈≈≈
≈≈≈≈≈≈≈≈≈≈≈≈≈≈≈≈≈≈≈≈≈≈
≈≈≈≈≈≈≈≈≈≈≈≈≈≈≈≈≈≈≈≈≈≈≈
≈≈≈≈≈≈≈≈≈≈≈≈≈≈≈≈≈≈≈≈≈≈≈
≈≈≈≈≈≈≈..≈≈≈≈≈≈≈≈≈≈≈≈≈≈
≈≈≈≈≈≈≈≈<≈≈≈≈≈≈≈≈≈≈≈≈≈≈
≈≈≈≈≈≈≈≈≈≈≈≈.≈≈≈≈≈≈≈≈≈≈
≈≈≈≈≈≈≈≈[.....≈≈≈≈≈≈≈≈≈
≈≈≈≈≈≈≈≈@..##..≈≈≈≈≈≈≈≈
≈≈≈≈≈≈≈≈E####..≈≈≈≈≈≈≈≈
≈≈≈≈≈≈≈≈E.#...≈≈≈≈≈≈≈≈≈
≈≈≈≈≈≈≈≈≈≈m..≈≈≈≈≈≈≈≈≈≈
≈≈≈≈≈≈≈≈≈≈m...≈≈≈≈≈≈≈≈≈
≈≈≈≈≈≈≈≈≈≈.|(≈≈≈≈≈≈≈≈≈≈
≈≈≈≈≈≈≈≈≈≈≈.†≈≈≈≈≈≈≈≈≈≈
≈≈≈≈≈≈≈≈≈≈≈.≈≈≈≈≈≈≈≈≈≈
≈≈≈≈≈≈≈≈≈≈...≈≈≈≈≈≈≈≈


You could see a merfolk aquamancer, a merfolk and 2 water elementals.

Vanquished Creatures
  Gastronok (Lair:1)
  Nessos (Lair:4)
  2 fire dragons (D:15)
  3 hydras
  4 vault guards (D:13)
  Erica (D:9)
  2 centaur warriors
  4 catoblepae
  A queen ant (Lair:5)
  A death knight (D:13)
  18 death yaks
  An unseen horror (D:14)
  Pikel (D:7)
  4 hill giants
  An orc knight (D:13)
  A wizard (D:14)
  A deep elf mage (D:12)
  An oklob plant (Lair:3)
  3 cyclopes
  3 griffons
  2 manticores
  4 slime creatures
  Maurice (D:9)
  10 elephants (Lair:6)
  6 ugly things
  7 spiny frogs
  2 ice statues (IceCv)
  7 black mambas
  2 torpor snails (Lair:3)
  3 gargoyles
  2 rime drakes
  2 kobold demonologists (D:14)
  A freezing wraith (D:13)
  7 komodo dragons
  A tengu conjurer (D:13)
  2 ice devils (Lair:5)
  2 meliai (D:14)
  10 blink frogs
  A steam dragon (D:7)
  5 trolls
  2 two-headed ogres
  Prince Ribbit (D:9)
  2 vampires
  3 wraiths (D:13)
  A water elemental (Shoals:1)
  2 shadows
  4 wyverns
  2 humans (D:13)
  2 basilisks
  43 yaks
  4 hungry ghosts
  8 hippogriffs
  3 vampire mosquitoes (D:13)
  A mottled dragon (D:11)
  Edmund (D:5)
  3 nagas (Lair:2)
  12 water moccasins
  6 soldier ants (Lair:5)
  14 porcupines
  Duvessa (D:7)
  7 ice beasts
  A black bear (Lair:3)
  5 orc warriors
  6 sky beasts
  A slave (D:7)
  6 ogres
  16 wolves
  12 centaurs
  12 crocodiles
  4 big kobolds
  Dowan (D:7)
  15 giant frogs
  2 wyvern skeletons
  3 scorpions
  12 wights
  12 killer bees
  A troll skeleton (D:10)
  5 spriggan skeletons (D:10)
  2 electric eels (Lair:2)
  4 howler monkeys
  A wasp zombie (D:11)
  7 crimson imps
  4 jellies
  3 centaur zombies
  2 giant frog zombies
  A quasit (D:13)
  6 orc priests
  14 orc wizards
  2 centaur skeletons
  5 hounds
  A giant frog skeleton (D:10)
  Crazy Yiuf (D:7)
  6 iguanas
  Terence (D:3)
  2 hexers
  33 worker ants
  4 sheep
  A killer bee zombie (D:6)
  A worker ant zombie (D:5)
  A howler monkey skeleton (D:7)
  2 gnolls (D:5)
  19 adders
  36 river rats
  4 shadow imps
  2 worms
  2 dart slugs (D:1)
  4 giant geckos
  45 orcs
  11 bats
  5 giant cockroaches
  3 goblins
  4 hobgoblins
  11 jackals
  3 quokkas
  A ball python (D:2)
  14 giant newts
  14 kobolds
  2 quokka skeletons
  4 rats
  A spectral orc (D:8)
  3 fungi (D:7)
  2 plants
661 creatures vanquished.

Vanquished Creatures (collateral kills)
  A death yak (Lair:6)
  A hill giant (D:11)
  A black mamba (Lair:2)
  A spiny frog (Lair:2)
  A meliai (D:14)
  2 blink frogs (Lair:4)
  8 yaks
  A basilisk (D:8)
  A hungry ghost (D:7)
  A steam dragon (D:7)
  A vampire mosquito (D:13)
  2 porcupines
  An orc warrior (D:11)
  A sky beast (D:9)
  2 centaurs (D:6)
  2 crocodiles
  2 giant frogs
  A wyvern skeleton (D:13)
  3 killer bees
  A crimson imp (D:9)
  A giant frog zombie (D:6)
  2 orc priests
  2 jellies (Lair:6)
  A centaur skeleton (D:10)
  An orc wizard (D:6)
  A worker ant (D:6)
  2 sheep
  2 gnolls (D:5)
  2 adders
  4 river rats
  2 oozes
  9 orcs
  A giant cockroach (D:5)
  A jackal (D:4)
  3 fungi
68 creatures vanquished.

Vanquished Creatures (others)
  Erolcha (D:9)
  A sea snake (Shoals:1)
  An orc sorcerer (D:13)
  A slave (D:7)
  A giant frog (D:13)
  8 hexers
  An ancestor (D:5)
  4 fungi
  5 plants
23 creatures vanquished.

Grand Total: 752 creatures vanquished

Notes
Turn   | Place    | Note
--------------------------------------------------------------
     0 | D:1      | Aksej the Demonspawn Gladiator began the quest for the Orb.
     0 | D:1      | Reached XP level 1. HP: 16/16 MP: 1/1
   334 | D:1      | Gained mutation: You are partially covered in rough black scales. (AC +4, Dex -1) [demonic ancestry]
   334 | D:1      | Reached XP level 2. HP: 22/22 MP: 2/2
   772 | D:1      | Gained mutation: You are dopey. (Int -2) [potion of mutation]
   772 | D:1      | Gained mutation: You are mostly covered in rough black scales. (AC +7, Dex -2) [potion of mutation]
   772 | D:1      | Gained mutation: Your magical capacity is low. (-10% MP) [potion of mutation]
   981 | D:2      | Reached XP level 3. HP: 22/28 MP: 2/2
  1247 | D:2      | Gained mutation: You are completely covered in rough black scales. (AC +10, Dex -3) [demonic ancestry]
  1247 | D:2      | Reached XP level 4. HP: 21/34 MP: 3/3
  1425 | D:2      | Found a sacrificial altar of Ru.
  1432 | D:2      | Became a worshipper of Ru the Awakened
  1514 | D:3      | Noticed Terence
  1521 | D:3      | Killed Terence
  1525 | D:3      | Gained mutation: You sometimes gain a little power by taking damage. [demonic ancestry]
  1525 | D:3      | Reached XP level 5. HP: 30/41 MP: 4/4
  1640 | D:3      | Noticed an ogre
  1650 | D:3      | Killed an ogre
  2028 | D:3      | Found a glowing golden altar of the Shining One.
  2029 | D:3      | Found a white marble altar of Elyvilon.
  2030 | D:3      | Found a glowing silver altar of Zin.
  2324 | D:4      | Noticed an ogre
  2330 | D:4      | Killed an ogre
  2330 | D:4      | Reached skill level 5 in Axes
  2330 | D:4      | Reached XP level 6. HP: 28/48 MP: 5/5
  2356 | D:4      | Found Noji's Weapon Shoppe.
  2647 | D:4      | Found a hazy altar of Hepliaklqana.
  2654 | D:4      | Fell from the grace of Ru
  2654 | D:4      | Became a worshipper of Hepliaklqana
  2935 | D:4      | Gained mutation: You have a pair of small antennae on your head. [demonic ancestry]
  2935 | D:4      | Reached XP level 7. HP: 17/54 MP: 6/6
  3317 | D:5      | Entered Level 5 of the Dungeon
  3317 | D:5      | Found Zulef's Food Emporium.
  3332 | D:5      | Noticed Edmund
  3353 | D:5      | Killed Edmund
  3384 | D:5      | Reached skill level 5 in Fighting
  3434 | D:5      | Reached * piety under Hepliaklqana
  3590 | D:5      | Gained mutation: You are immune to rotting. [demonic ancestry]
  3590 | D:5      | Reached XP level 8. HP: 62/62 MP: 7/7
  3796 | D:5      | Reached skill level 5 in Dodging
  3961 | D:6      | Found a shattered altar of Ashenzari.
  3967 | D:6      | Got a faintly humming chain mail
  3978 | D:6      | Identified the cursed +0 chain mail of the Ward {+Fly rElec Dex-5} (You found it on level 6 of the Dungeon)
  4040 | D:6      | Found a snail-covered altar of Cheibriados.
  4134 | D:6      | Reached ** piety under Hepliaklqana
  4135 | D:6      | Remembered your ancestor Cuahtemoc as a hexer
  4736 | D:7      | Noticed Dowan
  4740 | D:7      | Noticed Duvessa
  4747 | D:7      | Killed Duvessa
  4753 | D:7      | Killed Dowan
  4770 | D:7      | Gained mutation: Your magical capacity is very low. (-20% MP) [potion of mutation]
  4770 | D:7      | Gained mutation: Your spells are a little harder to cast, but a little more powerful. [potion of mutation]
  4813 | D:7      | Mutation became permanent: You are completely covered in rough black scales. (AC +10, Dex -3) [demonic ancestry]
  4813 | D:7      | Reached XP level 9. HP: 69/69 MP: 7/7
  4879 | D:7      | Noticed Crazy Yiuf
  4885 | D:7      | Killed Crazy Yiuf
  4940 | D:7      | Noticed Pikel
  4950 | D:7      | Killed Pikel
  4985 | D:7      | Lost mutation: You are dopey. (Int -2) [potion of cure mutation]
  4985 | D:7      | Lost mutation: Your magical capacity is very low. (-20% MP) [potion of cure mutation]
  4985 | D:7      | Lost mutation: Your magical capacity is low. (-10% MP) [potion of cure mutation]
  4985 | D:7      | Lost mutation: Your spells are a little harder to cast, but a little more powerful. [potion of cure mutation]
  5092 | D:7      | Found a staircase to the Ecumenical Temple.
  5310 | D:8      | Gained mutation: You have a pair of antennae on your head. [demonic ancestry]
  5310 | D:8      | Reached XP level 10. HP: 64/80 MP: 10/10
  5354 | D:8      | Found a staircase to the Lair.
  5361 | D:8      | Reached skill level 10 in Axes
  5400 | D:8      | Gained mutation: You have sharp fingernails. [mutagenic meat]
  5401 | D:8      | Gained mutation: Your magical capacity is low. (-10% MP) [mutagenic meat]
  5402 | D:8      | Gained mutation: You expend magic power (3 MP) to strengthen your wands. [mutagenic meat]
  5406 | D:8      | Gained mutation: You are somewhat resistant to further mutation. [mutagenic meat]
  5430 | D:8      | Found a deep blue altar of Sif Muna.
  5553 | D:8      | Found a basalt altar of Yredelemnul.
  5638 | D:8      | Found a radiant altar of Vehumet.
  5641 | D:8      | Found an ancient bone altar of Kikubaaqudgha.
  5655 | D:8      | Found an iron altar of Okawaru.
  5658 | D:8      | Found a bloodstained altar of Trog.
  5773 | D:8      | Found Zorefa's Armour Boutique.
  5776 | D:8      | Bought the +1 robe of Thoughtfulness {rElec MR+++ Int-2 SInv} for 401 gold pieces
  6078 | D:8      | Reached skill level 1 in Bows
  6088 | D:9      | Reached *** piety under Hepliaklqana
  6118 | D:9      | Got a dazzling flail
  6129 | D:9      | Identified the +9 flail "Luchal" {drain, +Blink rPois Int-3} (You found it on level 9 of the Dungeon)
  6224 | D:9      | Noticed Maurice
  6238 | D:9      | Killed Maurice
  6238 | D:9      | Reached skill level 1 in Maces & Flails
  6264 | D:9      | Noticed Erolcha
  6270 | D:9      | Noticed Erica
  6273 | D:9      | Killed Erolcha
  6273 | D:9      | Reached skill level 2 in Maces & Flails
  6285 | D:9      | Killed Erica
  6285 | D:9      | Reached skill level 3 in Maces & Flails
  6344 | D:9      | Noticed Prince Ribbit
  6353 | D:9      | Killed Prince Ribbit
  6528 | D:9      | Reached XP level 11. HP: 79/87 MP: 9/9
  6635 | D:9      | Found Fuasotat's Weapon Shop.
  6708 | D:10     | Entered Level 10 of the Dungeon
  6709 | D:10     | Reached skill level 4 in Maces & Flails
  7062 | D:10     | Learned a level 1 spell: Apportation
  7065 | D:10     | Learned a level 2 spell: Blink
  7215 | D:10     | Reached skill level 5 in Maces & Flails
  7347 | D:10     | Noticed a six-headed hydra
  7348 | D:10     | Reached **** piety under Hepliaklqana
  7358 | D:10     | Killed a six-headed hydra
  7608 | D:11     | Found Xyubb's Weapon Emporium.
  7608 | D:11     | Found a staircase to the Orcish Mines.
  7852 | D:11     | Noticed a six-headed hydra
  7859 | D:11     | Killed a six-headed hydra
  7859 | D:11     | Reached skill level 6 in Maces & Flails
  7950 | D:11     | Noticed a brown ugly thing
  7970 | D:11     | Killed a brown ugly thing
  7997 | D:11     | Found a hazy altar of Hepliaklqana.
  8058 | D:11     | Noticed a hill giant
  8064 | D:11     | Killed a hill giant
  8064 | D:11     | Reached skill level 5 in Bows
  8451 | D:11     | Reached XP level 12. HP: 83/97 MP: 10/10
  8495 | D:11     | Reached skill level 7 in Maces & Flails
  8803 | D:12     | Reached skill level 10 in Fighting
  8848 | D:12     | Found Haruo's Distillery.
  8856 | D:12     | Bought a potion of heal wounds for 75 gold pieces
  8856 | D:12     | Bought a potion of mutation for 37 gold pieces
  8856 | D:12     | Bought a potion of mutation for 37 gold pieces
  8856 | D:12     | Bought a potion of flight for 45 gold pieces
  8856 | D:12     | Bought a potion of lignification for 45 gold pieces
  8856 | D:12     | Bought a potion of curing for 45 gold pieces
  8856 | D:12     | Gained mutation: You are robust. (+10% HP) [potion of mutation]
  9239 | D:12     | Reached ***** piety under Hepliaklqana
  9455 | D:13     | Reached skill level 8 in Maces & Flails
  9564 | D:13     | Noticed a centaur warrior
  9573 | D:13     | Killed a centaur warrior
  9843 | D:13     | Noticed a death knight
  9847 | D:13     | Reached skill level 9 in Maces & Flails
  9867 | D:13     | Killed a death knight
 10074 | D:13     | Noticed a vault guard
 10155 | D:13     | Noticed a catoblepas
 10166 | D:13     | Killed a catoblepas
 10312 | D:13     | Gained mutation: You may emit foul miasma when damaged in melee. [demonic ancestry]
 10312 | D:13     | Reached XP level 13. HP: 115/115 MP: 11/11
 10368 | D:13     | Reached skill level 10 in Dodging
 10674 | D:13     | Found a gate to the Vaults.
 10998 | D:14     | Reached skill level 10 in Maces & Flails
 11218 | D:14     | Found Xuidghi's Assorted Antiques.
 11245 | D:14     | Bought a potion of haste for 230 gold pieces
 11448 | D:14     | Found a flickering gateway to a bazaar.
 11868 | Bazaar   | Entered a bazaar
 11882 | Bazaar   | Found Ceremn's Distillery.
 11913 | Bazaar   | Found Maeleess's Distillery.
 11917 | Bazaar   | Bought 2 potions of mutation for 55 gold pieces
 11917 | Bazaar   | Gained mutation: You tend to lose your temper in combat. [potion of mutation]
 11947 | Bazaar   | Found Iheat's Gadget Shoppe.
 11975 | Bazaar   | Found Lyecaybb's Gadget Shoppe.
 12022 | D:15     | Entered Level 15 of the Dungeon
 12048 | D:15     | Found Atixas Kiawe's Pet Rocks.
 12593 | D:15     | Reached ****** piety under Hepliaklqana
 12645 | D:15     | Found a blossoming altar of Fedhas.
 12742 | D:15     | Noticed a fire dragon
 12743 | D:15     | Noticed a fire dragon
 12758 | D:15     | Killed a fire dragon
 12759 | D:15     | Found a staircase to the Depths.
 12769 | D:15     | Killed a fire dragon
 13102 | Lair:1   | Entered Level 1 of the Lair of Beasts
 13275 | Lair:1   | Noticed Gastronok
 13293 | Lair:1   | Killed Gastronok
 13315 | Lair:1   | Reached skill level 1 in Stealth
 13397 | Lair:1   | Reached skill level 11 in Maces & Flails
 13408 | Lair:1   | Found a glowing golden altar of the Shining One.
 13717 | Lair:1   | Gained mutation: You frequently emit foul miasma when damaged in melee. [demonic ancestry]
 13717 | Lair:1   | Reached XP level 14. HP: 125/125 MP: 12/12
 13852 | Lair:2   | Got a steaming leather armour
 13853 | Lair:2   | Identified the cursed +1 leather armour of a treasure trove {+Blink rElec Slay-3 SInv} (You found it on level 2 of the Lair of Beasts)
 13904 | Lair:2   | Found a staircase to the Snake Pit.
 14889 | Lair:3   | Found a burning altar of Makhleb.
 15046 | Lair:3   | Found a staircase to the Shoals.
 15765 | Lair:4   | Noticed Nessos
 15789 | Lair:4   | Killed Nessos
 16556 | Lair:5   | Found a frozen archway.
 16584 | IceCv    | Entered an ice cave
 16639 | IceCv    | Reached skill level 12 in Maces & Flails
 16654 | IceCv    | Gained mutation: You regenerate slowly when monsters are visible. [mutagenic meat]
 16660 | IceCv    | Got a bloodstained morningstar
 17663 | Lair:6   | Entered Level 6 of the Lair of Beasts
 18022 | Lair:6   | Gained mutation: You sometimes gain power by taking damage. [demonic ancestry]
 18022 | Lair:6   | Reached XP level 15. HP: 124/134 MP: 13/13
 18136 | Lair:6   | Reached skill level 5 in Stealth
 18174 | Lair:6   | Found a staircase to the Slime Pits.
 18854 | Lair:6   | Reached skill level 13 in Maces & Flails
 19014 | Lair:6   | Got a brightly glowing golden ring
 19015 | Lair:6   | Identified the ring "Atebra" {Fire rN++ Dex+3 SInv} (You found it on level 6 of the Lair of Beasts)
 19159 | Shoals:1 | Entered Level 1 of the Shoals
 19204 | Shoals:1 | Killed from afar by a merfolk aquamancer

Vault maps used:
D:1:      dpeg_arrival_tiny_j, minmay_misc_feat_plants
D:2:      nicolae_ru_the_path_less_chosen, minmay_newt_pond
D:3:      good_gods_temple_1, minmay_misc_feat_columns, uniq_terence
D:4:      nicolae_overflow_crystal_walls, serial_shops, nicolae_shop_stone,
          first_bread, kennysheep_generic_room_5
D:5:      serial_shops, shop_fountains, uniq_edmund
D:6:      overflow_temple_1_default, lemuel_doored_altar, serial_glass,
          glass_columns_a, glass_columns_b, glass_columns_a, glass_columns_b,
          glass_columns_a, glass_columns_c
D:7:      kennysheep_steamy, temple_hall, uniq_pikel, uniq_crazy_yiuf_cottage,
          uniq_duvessa
D:8:      yredelemnul_forgotten_temple_becter, overflow_temple_1_default,
          grunt_temple_overflow_cloverleaf, minmay_lair_entry_grove,
          serial_shops, kennysheep_mini
D:9:      serial_shops, kennysheep_mini_moat, uniq_erica, uniq_erolcha,
          uniq_prince_ribbit1, uniq_maurice
D:10:     st_stairs_12, hangedman_tell_no_tales
D:11:     orc_david_3, basic_altar
D:12:     serial_shops, shop, evilmike_butchery
D:13:     grunt_vaults_entry_fortified
D:14:     solitary_fountain, serial_shops, bzr_in_the_mist, shop, moated_statue
D:15:     grunt_enter_depths_hoard, fedhas_altar_3, guppyfry_shop_earth
Lair:1:   basic_altar, serial_bayou_shore_b, uniq_gastronok
Lair:2:   guppyfry_snake_entry_garden, serial_bayou, serial_bayou_lake_a,
          serial_bayou_shore_b, serial_bayou_crossing, serial_bayou_pond_d,
          lemuel_fruit_tree
Lair:3:   shoals_dummy_entry, minmay_holes, lemuel_oklob_altar,
          grunt_megastairs_5
Lair:4:   serial_bayou_shore_b, serial_bayou_shore_a, uniq_nessos
Lair:5:   portal_ice_cave_demonic_guard, zaba_antful_of_joy
Lair:6:   evilmike_catoblepas_cave, minmay_slime_entry_pillars,
          grunt_megastairs_3
Shoals:1: uniq_donald
Bazaar:   dpeg_bazaar_wands
IceCv:    ice_cave_statue_garden_teleport

Skill      XL: |  1  2  3  4  5  6  7  8  9 10 11 12 13 14 15 |
---------------+----------------------------------------------+-----
Axes           | 3 4 5 6 8 9 10 | 10.4
Dodging        | 3 4 5 7 8 9 10 11 | 11.8
Fighting       | 3 4 5 6 7 8 9 10 11 12 | 12.8
Bows           | 2 5 6 8 9 |  9.8
Maces & Flails | 3 6 9 11 12 13 | 13.0
Stealth        | 1 4 5 |  5.7
Throwing       | |  1.7

Action                   |  1- 3 |  4- 6 |  7- 9 | 10-12 | 13-15 || total
-------------------------+-------+-------+-------+-------+-------++-------
Melee: War axe           |    85 |   176 |   251 |    72 |       ||   584
       Flail             |       |       |       |   655 |  1249 ||  1904
 Fire: Shortbow          |       |       |       |    15 |    74 ||    89
Throw: Throwing net      |       |       |       |     1 |       ||     1
Invok: Ancestor Life: He |       |       |     1 |       |       ||     1
       Recall Ancestor   |       |       |       |     1 |     1 ||     2
  Use: Scroll            |     9 |     5 |    10 |     9 |    12 ||    45
       Potion            |     2 |       |     4 |    11 |     8 ||    25
 Stab: Distracted        |       |       |     3 |    15 |    17 ||    35
       Confused          |       |       |     3 |     9 |     8 ||    20
       Sleeping          |       |       |       |     3 |    19 ||    22
       Invisible         |       |       |       |     1 |       ||     1
       Paralysed         |       |       |       |       |     8 ||     8
  Eat: Chunk             |     1 |     6 |     8 |    29 |    36 ||    80
       Pizza             |       |       |       |       |     3 ||     3
Armor: Leather armour    |    51 |    66 |   116 |     6 |       ||   239
       Skin              |       |       |    29 |    28 |       ||    57
       Robe              |       |       |       |   209 |   282 ||   491
Dodge: Dodged            |    83 |   197 |   288 |   744 |  1130 ||  2442
